AoeStats
← Juyhou

Pilgrims

507771942Analyzed
4v4 RM · 14d ago on Sep 19, 2026· 93m 28s· 8 players
Game mode
Random Map
Map size
Large (8 player)
Population
200
Speed
Normal
Resources
Standard
Victory
Conquest
Starting age
Dark Age
Ending age
Imperial Age
RankedLock teamsTeams togetherTeam positionsShared explorationLock speedFull tech treeHidden civsTurbo modeCheats
Victory
Defeat
🇫🇮 Vietnamese · Finland
2037
+4
🇫🇮 Ethiopians · Finland
1943
+6
🇫🇮 Dravidians · Finland
1915
+7
🇫🇮 Jurchens · Finland
1748
+11
🇨🇿 Malay · Czechia
1761
-9
🇦🇷 Persians · Argentina
1692
-7
🇨🇿 Teutons · Czechia
1682
-7
🇻🇳 Byzantines · Vietnam
1607
-5
[SotC] Klovn
5:50 Loom
9:53 Feudal Age
13:56 Fletching
16:10 Wheelbarrow
18:50 Castle Age
19:27 Bodkin Arrow
19:45 Medium Warships
21:51 Double-Bit Axe
26:16 Town Watch
29:55 Bow Saw
30:22 Hand Cart
32:41 Imperial Age
32:58 Ballistics
34:01 Chemistry
33:33 Heavy Warships
34:19 Conscription
34:37 Gold Mining
34:34 Demolition Ship
35:43 Heavy Demolition Ship
37:43 Gold Shaft Mining
39:16 Scale Barding Armor
39:21 Forging
41:36 Chain Barding Armor
41:51 Iron Casting
42:40 Two-Man Saw
43:51 Plate Barding Armor
44:43 Hoardings
44:31 Horse Collar
48:49 Blast Furnace
47:57 Elite War Elephant
48:44 Stone Mining
48:59 Cavalier
49:40 Husbandry
49:50 Bloodlines
49:58 Citadels
50:55 Blast Furnace
50:03 Heavy Plow
50:40 Stone Shaft Mining
51:08 Savar
51:27 Onager
54:04 Masonry
53:50 Murder Holes
57:42 Crop Rotation
63:11 Architecture
63:08 Caravan
67:01 Coinage
66:42 Guilds
69:03 Elite War Elephant
70:42 Banking
thanh7531
2:52 Loom
11:45 Feudal Age
14:15 Wheelbarrow
15:19 Forging
18:36 Castle Age
18:00 Scale Barding Armor
20:36 Double-Bit Axe
21:01 Light Cavalry
21:43 Husbandry
33:27 Imperial Age
31:16 Hand Cart
32:01 Medium Warships
33:29 Bow Saw
34:05 Cavalier
35:39 Iron Casting
35:22 Gold Mining
35:46 Horse Collar
43:48 Paladin
47:04 Gold Shaft Mining
53:12 Chain Barding Armor
59:36 Heavy Plow
61:00 Two-Man Saw
60:30 Fletching
60:42 Padded Archer Armor
61:17 Plate Barding Armor
61:46 Greek Fire
62:08 Conscription
63:42 Crop Rotation
63:30 Siphons
63:37 Clinker Construction
64:18 Bodkin Arrow
64:39 Leather Archer Armor
65:59 Caravan
66:42 Onager
69:14 Chemistry
68:36 Carvel Hull
68:36 Careening
71:15 Coinage
70:56 Guilds
77:01 Hussar
79:45 Banking
79:38 Heavy Camel Rider
Leres
6:21 Loom
10:19 Feudal Age
10:15 Double-Bit Axe
19:41 Castle Age
24:13 Fletching
34:09 Imperial Age
32:24 Bow Saw
34:10 Bodkin Arrow
43:23 Capped Ram
48:24 Medium Warships
53:57 Horse Collar
57:38 Chemistry
57:55 Siege Engineers
62:10 Caravan
63:27 Wheelbarrow
67:13 Heavy Plow
69:50 Town Watch
70:41 Coinage
Rank
7:53 Loom
10:21 Feudal Age
15:05 Castle Age
13:21 Double-Bit Axe
15:07 Town Watch
27:44 Horse Collar
28:17 Bow Saw
30:59 Wheelbarrow
35:49 Imperial Age
33:36 Heavy Plow
34:13 Scale Mail Armor
34:28 Squires
34:59 Gold Mining
35:30 Chain Mail Armor
35:59 Forging
37:48 Chemistry
37:52 Plate Mail Armor
38:58 Conscription
41:10 Elite Teutonic Knight
41:55 Arson
44:21 Conscription
46:08 Capped Ram
47:43 Siege Engineers
48:57 Fletching
51:18 Ironclad
51:21 Fletching
52:09 Iron Casting
56:13 Crenellations
55:44 Fletching
56:55 Blast Furnace
56:17 Ballistics
56:09 Masonry
55:56 Heated Shot
56:42 Hand Cart
57:37 Siphons
57:43 Clinker Construction
57:44 Careening
59:24 Two-Man Saw
58:55 Crop Rotation
58:22 Bodkin Arrow
59:05 Hoardings
60:21 Carvel Hull
61:19 Onager
62:36 Siege Onager
67:45 Caravan
Juyhou
11:57 Feudal Age
13:03 Loom
14:10 Fishing Lines
18:20 Castle Age
20:44 Double-Bit Axe
30:54 Wheelbarrow
32:52 Horse Collar
34:13 Bow Saw
38:59 Caravan
43:52 Heavy Plow
44:56 Hand Cart
49:57 Ballistics
52:20 Imperial Age
50:57 Fortified Wall
52:26 Siege Engineers
52:49 Padded Archer Armor
59:38 Guilds
64:10 Scale Barding Armor
64:16 Forging
63:56 Fletching
64:22 Leather Archer Armor
65:28 Bodkin Arrow
66:17 Clinker Construction
68:02 Chemistry
67:26 Carvel Hull
67:17 Careening
67:23 Scale Barding Armor
67:21 Bracer
67:28 Scale Barding Armor
68:26 Scale Mail Armor
68:36 Forging
68:05 Elite Steppe Lancer
68:46 Husbandry
68:56 Bloodlines
69:54 Chain Barding Armor
70:52 Iron Casting
71:39 Plate Barding Armor
75:21 Blast Furnace
Villese
1:18 Loom
6:59 Feudal Age
7:32 Double-Bit Axe
8:43 Loom
15:05 Town Watch
17:16 Wheelbarrow
18:07 Fishing Lines
23:50 Castle Age
21:56 Gold Mining
21:57 Stone Mining
24:48 Hand Cart
25:05 Gillnets
25:54 Caravan
30:26 Medium Warships
31:49 Careening
32:08 Clinker Construction
42:03 Imperial Age
40:21 Fortified Wall
40:14 Fletching
40:45 Ballistics
41:31 Bodkin Arrow
43:09 Heavy Warships
43:45 Chemistry
42:46 Bracer
43:20 Bow Saw
43:51 Dry Dock
43:53 Carvel Hull
49:00 Elite Cannon Galleon
51:04 Siege Engineers
55:01 Treadmill Crane
62:46 Scale Barding Armor
62:52 Forging
63:52 Elite Battle Elephant
64:43 Bloodlines
64:34 Husbandry
64:50 Guilds
66:26 Chain Barding Armor
66:42 Iron Casting
67:24 Chatras
68:03 Plate Barding Armor
69:45 Sappers
91:41 Coinage
TheMax
10:58 Feudal Age
11:40 Double-Bit Axe
14:27 Castle Age
12:22 Fishing Lines
15:25 Medium Warships
15:28 Bow Saw
15:14 Town Watch
15:53 Loom
16:27 Gillnets
18:06 Wheelbarrow
18:55 Forging
20:43 Clinker Construction
21:24 Careening
22:12 Masonry
22:03 Guard Tower
22:26 Masonry
22:45 Fletching
23:44 Bodkin Arrow
25:36 Caravan
27:57 Fortified Wall
32:34 Imperial Age
31:43 Hand Cart
31:20 Stone Mining
31:21 Gold Mining
33:16 Bracer
34:18 Chemistry
33:42 Shipwright
33:44 Ballistics
34:04 Town Patrol
34:32 Heavy Warships
35:16 Conscription
36:00 Chemistry
35:39 Dry Dock
36:30 Siege Engineers
37:21 Coinage
37:02 Guilds
38:14 Torsion Engines
41:40 Banking
40:55 Elite Shotel Warrior
41:43 Scale Mail Armor
42:22 Royal Heirs
43:17 Chain Mail Armor
43:04 Squires
45:15 Plate Mail Armor
45:21 Iron Casting
46:07 Arson
46:08 Demolition Ship
48:40 Blast Furnace
50:08 Onager
52:44 Two-Man Saw
51:45 Onager
53:20 Heavy Scorpion
53:20 Siege Onager
67:56 Siege Onager
76:11 Capped Ram
80:15 Siege Ram
87:09 Heavy Scorpion
93:18 Spies/Treason
Tomppa
4:18 Loom
11:22 Feudal Age
14:54 Castle Age
12:48 Double-Bit Axe
13:14 Fishing Lines
15:51 Bow Saw
16:05 Gillnets
18:10 Wheelbarrow
17:24 Town Watch
17:56 Medium Warships
20:07 Clinker Construction
21:30 Careening
21:57 Hand Cart
23:14 Caravan
26:31 Fortified Wall
31:30 Imperial Age
32:41 Heavy Warships
32:39 Carvel Hull
32:50 Dry Dock
33:58 Guilds
34:53 Chemistry
35:40 Masonry
37:09 Conscription
41:02 Ballistics
41:06 Shipwright
41:45 Fletching
43:03 Bodkin Arrow
44:06 Bracer
44:27 Ballistics
44:53 Ballistics
45:06 Siphons
60:53 Coinage
60:53 Elite Cannon Galleon
60:54 Demolition Ship
63:08 Banking
62:29 Heavy Demolition Ship
64:29 Heated Shot
64:51 Incendiaries
84:02 Conscription
83:17 Spies/Treason
84:17 Conscription
85:06 Hoardings
Connection lost

Rejoining the realm…

Still unreachable

The connection could not be restored.

Session expired

The server has moved on; the page needs a fresh start.